 Dungeon Crawl Stone Soup version 0.18.1-8-gdd0e5ea (webtiles) character file.

49 georgeearnest the Chopper (level 3, 0/27 HPs)
             Began as a Demonspawn Gladiator on June 8, 2016.
             Succumbed to an adder's poison
             ... on level 2 of the Dungeon.
             The game lasted 00:01:58 (1712 turns).

georgeearnest the Chopper (Demonspawn Gladiator)    Turns: 1712, Time: 00:01:59

Health: 0/27       AC:  4    Str: 16    XL:     3   Next: 53%
Magic:  1/3        EV: 12    Int:  7    God:
Gold:   10         SH:  0    Dex: 13    Spells: 0 memorised, 2 levels left

rFire  . . .     SeeInvis .     a - +0 war axe
rCold  . . .     Gourm    .     b - +0 leather armour
rNeg   . . .     Faith    .     (no shield)
rPois  .         Spirit   +     c - +0 helmet
rElec  .         Dismiss  .     (no cloak)
rCorr  .         Reflect  .     (no gloves)
SustAt .         Harm     .     (no boots)
MR     .....                    (no amulet)
Stlth  +.........               (no ring)
                                (no ring)

@: lethally poisoned (0 -> -11), not resistant to hostile enchantments, very
unstealthy
A: hooves 1, deterioration 1, dopey 1, magic shield, magic regeneration
a: no special abilities


You were on level 2 of the Dungeon.
You were not hungry.

You visited 1 branch of the dungeon, and saw 2 of its levels.

You collected 10 gold pieces.

Inventory:

Hand Weapons
 a - a +0 war axe (weapon)
Missiles
 d - 3 throwing nets (quivered)
Armour
 b - a +0 leather armour (worn)
 c - a +0 helmet (worn)
Scrolls
 e - a scroll of noise {unknown}
 h - 2 scrolls of fog {unknown}
 i - 2 scrolls of immolation {unknown}
 k - a scroll of enchant armour {unknown}
 m - 2 scrolls of identify {unknown}
 n - a scroll of amnesia {unknown}
 p - 2 scrolls of teleportation {unknown}
Potions
 j - a potion of mutation
 l - a potion of brilliance {unknown}
 o - a potion of cancellation {unknown}
Comestibles
 g - a beef jerky


   Skills:
 + Level 2.2 Fighting
 + Level 3.4 Axes
 + Level 2.0 Throwing
 + Level 0.3 Armour
 + Level 3.1 Dodging
 + Level 0.2 Stealth


You had 2 spell levels left.
You didn't know any spells.

Dungeon Overview and Level Annotations

Branches:
Dungeon (2/15)

Altars:
Gozag


Innate Abilities, Weirdness & Mutations

When hurt, damage is shared between your health and your magic reserves.
You regenerate magic rapidly.
You have large cloven feet.
Your body sometimes deteriorates upon taking damage.
You are dopey. (Int -2)


Message History

You feel sick. The adder closely misses you. The adder bites you.
* * * LOW HITPOINT WARNING * * *
You closely miss the adder.
* * * LOW HITPOINT WARNING * * *
You feel sick. The adder barely misses you. The adder bites you.
* * * LOW HITPOINT WARNING * * *
Drink which item? (? for menu, Esc to quit)
It was a potion of mutation.
You feel extremely strange.
Your feet thicken and deform.
You feel yourself wasting away.
You feel stupid. The adder bites you.
* * * LOW HITPOINT WARNING * * *
Drink which item? (? for menu, Esc to quit)
Okay, then.
You barely miss the adder. Your kick misses the adder.
* * * LOW HITPOINT WARNING * * *
You feel sick. The adder bites you.
You are more poisoned.
The adder poisons you! The adder completely misses you.
You miss the adder. You kick the adder, but do no damage.
You die...

.... ..# ...# #.# ..#
#.# ..# #.# #.# #.# #.#
#.#### #####.####.....
...#######$$........####
......S@..._...######
#########......#
######....# ####.# #


You could see an adder.

Vanquished Creatures
  An adder (D:2)
  2 oozes
  3 dart slugs (D:1)
  A giant gecko (D:1)
  6 bats
  A giant cockroach (D:1)
  A goblin (D:1)
  3 hobgoblins
  2 kobolds (D:1)
  2 giant newts (D:2)
  5 rats
27 creatures vanquished.

Notes
Turn   | Place    | Note
--------------------------------------------------------------
     0 | D:1      | georgeearnest the Demonspawn Gladiator began the quest for the Orb.
     0 | D:1      | Reached XP level 1. HP: 16/16 MP: 1/1
   107 | D:1      | Gained mutation: When hurt, damage is shared between your health and your magic reserves. [demonic ancestry]
   107 | D:1      | Reached XP level 2. HP: 14/22 MP: 2/2
   899 | D:1      | Gained mutation: You regenerate magic rapidly. [demonic ancestry]
   899 | D:1      | Reached XP level 3. HP: 27/27 MP: 3/3
  1680 | D:2      | Found an opulent altar of Gozag.
  1710 | D:2      | Gained mutation: You have large cloven feet. [potion of mutation]
  1710 | D:2      | Gained mutation: Your body sometimes deteriorates upon taking damage. [potion of mutation]
  1710 | D:2      | Gained mutation: You are dopey. (Int -2) [potion of mutation]
  1710 | D:2      | HP: 1/27 [adder (1)]
  1712 | D:2      | Succumbed to an adder's poison

Skill      XL: |  1  2 |
---------------+-------+-----
Axes           | 3 |  3.4
Dodging        | 3 |  3.1
Throwing       | 2 |  2.0
Fighting       | |  2.2
Armour         | |  0.3
Stealth        | |  0.2

Action                   || total
-------------------------++-------
Melee: War axe           ||    77
       Kick              ||     1
  Use: Potion            ||     1
 Stab: Sleeping          ||     1
  Eat: Bread ration      ||     1
Armor: Leather armour    ||    25
Dodge: Dodged            ||    63
